 Dungeon Crawl Stone Soup version 0.19.5 (webtiles) character file.

105 Kalash the Chopper (level 4, -2/58 HPs)
             Began as a Minotaur Berserker on Apr 21, 2017.
             Was a Believer of Trog.
             Slain by NullDivider's ghost (10 damage)
             ... on level 3 of the Dungeon.
             The game lasted 00:02:39 (1593 turns).

Kalash the Chopper (Minotaur Berserker)             Turns: 1593, Time: 00:02:39

Health: -2/58      AC:  2    Str: 27    XL:     4   Next: 53%
Magic:  3/3        EV: 12    Int:  4    God:    Trog [**....]
Gold:   70         SH:  0    Dex: 10    Spells: 0 memorised, 3 levels left

rFire  . . .     SeeInvis .     a - +0 hand axe
rCold  . . .     Gourm    .     b - +0 animal skin
rNeg   . . .     Faith    .     (no shield)
rPois  .         Spirit   .     (helmet restricted)
rElec  .         Reflect  .     (no cloak)
rCorr  .         Harm     .     (no gloves)
MR     .....                    (no boots)
Stlth  ..........               (no amulet)
                                (no ring)
                                (no ring)

@: berserking, very quick
A: retaliatory headbutt, horns 2
a: Berserk, Trog's Hand, Burn Spellbooks, Renounce Religion


You were on level 3 of the Dungeon.
You worshipped Trog.
Trog was pleased with you.
You were not hungry.

You visited 1 branch of the dungeon, and saw 3 of its levels.

You collected 70 gold pieces.

Inventory:

Hand Weapons
 a - a +0 hand axe (weapon)
Armour
 b - a +0 animal skin (worn)
Scrolls
 d - 2 scrolls of recharging {unknown}
 e - 3 scrolls of remove curse {unknown}
 g - 3 scrolls of amnesia {unknown}
 h - a scroll of enchant armour {unknown}
 j - 3 scrolls of teleportation {unknown}
 o - a scroll of immolation {unknown}
Potions
 c - a potion of heal wounds {unknown}
 f - a potion of lignification {unknown}
 m - a potion of curing {unknown}
 p - a potion of degeneration {unknown}
Comestibles
 i - 3 bread rations
 k - a royal jelly
 l - a beef jerky
 n - a meat ration


   Skills:
 - Level 3.6 Fighting
 + Level 6.4 Axes
 - Level 2.4 Armour
 - Level 2.1 Dodging


You had 3 spell levels left.
You didn't know any spells.

Dungeon Overview and Level Annotations

Branches:
Dungeon (3/15)

Altars:
Yredelemnul

Annotations:
D:3 NullDivider's ghost, amateur FeMo


Innate Abilities, Weirdness & Mutations

You reflexively headbutt those who attack you in melee.
You have a pair of horns on your head.


Message History

You miss NullDivider's ghost. You hit the orc but do no damage.
The orc barely misses you. NullDivider's ghost hits you!
A red film seems to cover your vision as you go berserk!
You feel yourself moving faster!
You feel mighty!
You feel a lot more hungry. NullDivider's ghost hits you!
You closely miss NullDivider's ghost.
Your headbutt misses NullDivider's ghost.
You closely miss the orc. You barely miss the orc.
The orc hits you with a whip.
* * * LOW HITPOINT WARNING * * *
NullDivider's ghost hits you.
* * * LOW HITPOINT WARNING * * *
The orc hits you with a hand axe.
* * * LOW HITPOINT WARNING * * *
You slash the orc!
You kill the orc!
Trog accepts your kill.
You closely miss NullDivider's ghost. You barely miss the orc.
NullDivider's ghost hits you!
You die...

##..####....# #..##
##.#(## . ..## #.#..##
.. ### #.....## ... ##
####...# ###...
.######### #...##....#
...##....####.....#
..........###.?o.##
.#..#........#.W@#
....<†..........oo#
#........##..#......
...#.....##.....#.....
##.......##.#...........
###........#####.#..##.
#......## ..... #..#####
..?... ...#


You could see an orc wizard, NullDivider's ghost and 2 orcs.

Vanquished Creatures
  4 adders (D:2)
  A worm (D:2)
  2 dart slugs (D:1)
  2 leopard geckos (D:2)
  6 orcs (D:3)
  A giant cockroach (D:2)
  5 goblins
  11 hobgoblins
  3 kobolds
  8 bats
  3 frilled lizards
  8 rats
54 creatures vanquished.

Notes
Turn   | Place    | Note
-------+----------+-------------------------------------------
     0 | D:1      | Kalash the Minotaur Berserker began the quest for the Orb.
     0 | D:1      | Reached XP level 1. HP: 19/19 MP: 0/0
    26 | D:1      | Reached skill level 4 in Axes
    35 | D:1      | Reached XP level 2. HP: 20/26 MP: 1/1
   587 | D:1      | Reached ** piety under Trog
   587 | D:1      | Reached skill level 5 in Axes
   915 | D:2      | Reached XP level 3. HP: 10/31 MP: 2/2
  1054 | D:2      | Found a basalt altar of Yredelemnul.
  1247 | D:2      | Reached XP level 4. HP: 39/39 MP: 3/3
  1342 | D:2      | Reached skill level 6 in Axes
  1583 | D:3      | Noticed NullDivider's ghost (amateur FeMo)
  1593 | D:3      | Slain by NullDivider's ghost

Skill      XL: |  1  2  3  4 |
---------------+-------------+-----
Axes           | 4 5 6 |  6.4
Fighting       | |  3.6
Armour         | |  2.4
Dodging        | |  2.1

Action                   |  1- 3 |  4- 6 || total
-------------------------+-------+-------++-------
Melee: Hand axe          |    82 |    34 ||   116
       Headbutt          |     9 |     4 ||    13
Invok: Berserk           |     1 |     1 ||     2
  Use: Potion            |     2 |       ||     2
 Stab: Sleeping          |       |     1 ||     1
  Eat: Bread ration      |     1 |       ||     1
Armor: Animal skin       |    15 |     3 ||    18
Dodge: Dodged            |    47 |    17 ||    64
